 Dungeon Crawl Stone Soup version 0.28.0 (webtiles) character file.

Game seed: 5415655678411220786

22 pkoi the Chopper (level 2, -1/25 HPs)
             Began as a Minotaur Gladiator on Feb 10, 2022.
             Succumbed to Terence's poison
             ... on level 1 of the Dungeon.
             The game lasted 00:01:13 (1175 turns).

pkoi the Chopper (Minotaur Gladiator)               Turns: 1175, Time: 00:01:14

Health: -1/25      AC:  5    Str: 18    XL:     2   Next: 68%
Magic:  1/1        EV: 12    Int:  5    God:
Gold:   16         SH:  0    Dex: 11    Spells: 1/1 levels left

rFire   . . .      SeeInvis .   a - +0 war axe
rCold   . . .      Faith    .   (no shield)
rNeg    . . .      Spirit   .   b - +0 leather armour
rPois   .          Reflect  .   c - +0 hat
rElec   .          Harm     .   i - +0 cloak
rCorr   .          Rampage  .   g - +0 pair of gloves
Will    .....                   (no boots)
Stlth   +.........              (no amulet)
HPRegen 0.08/turn               (no ring)
MPRegen 0.07/turn               (no ring)

@: lethally poisoned (-1 -> -8), invisible
A: horns 2, retaliatory headbutt
a: no special abilities


You were on level 1 of the Dungeon.
You visited 1 branch of the dungeon, and saw 2 of its levels.

You collected 16 gold pieces.

Inventory:

Hand Weapons
 a - a +0 war axe (weapon)
Missiles
 d - 3 throwing nets (quivered)
Armour
 b - a +0 leather armour (worn)
 c - a +0 hat (worn)
 g - a +0 pair of gloves (worn)
 i - a +0 cloak (worn)
Scrolls
 e - 2 scrolls of identify {unknown}
 h - a scroll of amnesia {unknown}


   Skills:
 + Level 2.9 Fighting
 * Level 4.3 Axes
 - Level 2.0 Throwing
 + Level 1.2 Armour
 - Level 3.2 Dodging


You had one spell level left.
You didn't know any spells.
Your spell library was empty.

Dungeon Overview and Level Annotations

Branches:
Dungeon (2/15)

Altars:

Annotations:
D:1 Terence


Innate Abilities, Weirdness & Mutations

You have a pair of horns on your head.
You reflexively headbutt those who attack you in melee.


Message History

Terence is wielding a +1 hand axe of venom.
Terence shouts!
There are monsters nearby!
Terence says, "Rest in peace."
Terence shouts, "Get ready for death!"
Terence says, "You're history."
Terence screams, "I'm going to kill you!"
Terence says, "You're history."
There is a stone staircase leading up here.
Terence hits you with a +1 hand axe of venom.
You are poisoned.
You climb upwards.
You feel sick.
There is a stone staircase leading down here.
You hit Terence but do no damage. Your headbutt misses Terence.
You feel sick.
Terence hits you with a +1 hand axe of venom.
* * * LOW HITPOINT WARNING * * *
You are more poisoned.
You are too injured to fight recklessly!
You are too injured to fight recklessly!
You slash Terence!
Terence is severely wounded.
You feel very sick.
Terence hits you with a +1 hand axe of venom.
* * * LOW HITPOINT WARNING * * *
Terence hits you with a +1 hand axe of venom.
* * * LOW HITPOINT WARNING * * *
You are lethally poisoned!
* * * LOW HITPOINT WARNING * * *
You feel very sick.
* * * LOW HITPOINT WARNING * * *
You feel sick.
* * * LOW HITPOINT WARNING * * *
You feel very sick.
It was a potion of invisibility.
You fade into invisibility!
* * * LOW HITPOINT WARNING * * *
You feel sick. Terence barely misses you.
You hit Terence but do no damage.
Terence is severely wounded.
You die...

#..#.....###.##.............#.##
#.##..#..###.##.....####........
#.##................# #........
#.##..#..###.##.....# #........
#.##..#......##.....####........
##.##..#.........................
............####...).............
##.##..#..#.####.#)).######.#..##
................@@.>...........#
...##..#.##.####.##...#####.#..#
...##.......................##.#
##..........................##.#
##.##..............#..########.#
............#.####.#..##.....#.##
##.##..#.##.#.####....##.........
##.##..#.##.....#####.##.......##
.......####.#.#.#####.#####....#


You could see Terence.

Vanquished Creatures
  A dart slug (D:1)
  2 bats (D:1)
  An endoplasm (D:1)
  A giant cockroach (D:1)
  A goblin (D:1)
  A hobgoblin (D:1)
  4 quokkas (D:1)
  2 frilled lizards (D:1)
  2 kobolds (D:1)
  4 rats (D:1)
19 creatures vanquished.

Vanquished Creatures (others)
  8 plants (D:1)
8 creatures vanquished.

Grand Total: 27 creatures vanquished

Notes
Turn   | Place    | Note
-------+----------+-------------------------------------------
     0 | D:1      | pkoi the Minotaur Gladiator began the quest for the Orb.
     0 | D:1      | Reached XP level 1. HP: 18/18 MP: 0/0
   334 | D:1      | Reached skill level 4 in Axes
   337 | D:1      | Reached XP level 2. HP: 24/25 MP: 1/1
   353 | D:1      | Reached skill level 1 in Armour
  1123 | D:2      | Noticed Terence
  1173 | D:1      | HP: 1/25 [poisoned by Terence]
  1175 | D:1      | Succumbed to Terence's poison

Illustrated notes

Levels and vault maps discovered:
D:1:      wheals_arrival_shading, layout_basic, serial_bayou,
          serial_bayou_pond_b, serial_bayou_shore_a, serial_bayou_lagoon_a,
          serial_bayou_pond_d, ebering_dispersal_statue_hall
D:2:      layout_loops_ring, dreamdust_ecumenical_altar_angels_and_demons,
          uniq_terence, uniq_crazy_yiuf_cottage

Skill      XL: |  1  2 |
---------------+-------+-----
Axes           | 4 |  4.3
Armour         | 1 |  1.2
Fighting       | |  2.9
Throwing       | |  2.0
Dodging        | |  3.2

Action                   || total
-------------------------++-------
Melee: War axe           ||    38
       Headbutt          ||     6
       Punch             ||     1
  Use: Scroll            ||     1
       Potion            ||     1
Armor: Leather armour    ||     9
Dodge: Dodged            ||    22
